AA
TEXAS AIRHOGS @ TUCSON CHAMELEONS
06/16/2098
 
TOP OF THE 1ST
Lincoln Saltdogs batting - Pitching for Sioux Falls Canaries : RHP Matt Bryson
Pitching: RHP Matt Bryson
Batting: RHB Ernesto Cruz 0-0: Ball
1-0: Ball
2-0: Swinging Strike
2-1: Ball
3-1: Called Strike
3-2: Strikes out looking
Batting: RHB Mike Lincoln 0-0: SINGLE (Groundball, 25, EV 68.1 MPH) (infield hit)
Batting: LHB Gustavo Gomez 0-0: Called Strike
0-1: Foul Ball, location: 2F
0-2: Foul Ball, location: 9LMF
0-2: 2-RUN HOME RUN (Flyball, 78XD, EV 101.3 MPH), Distance : 408 ft
Batting: LHB Steve Herron 0-0: Ball
1-0: Foul Ball, location: 2F
1-1: Foul Ball, location: 2F
1-2: Fly out, F4 (Popup, 4M, EV 61.3 MPH)
Batting: RHB Jim Rera 0-0: Ball
1-0: Swinging Strike
1-1: Foul Ball, location: 23F
1-2: Ball
2-2: SOLO HOME RUN (Flyball, 7LD, EV 95.6 MPH), Distance : 343 ft
Batting: LHB John Reinertsen 0-0: Ball
1-0: Foul Ball, location: 2F
1-1: SOLO HOME RUN (Flyball, 7D, EV 96.9 MPH), Distance : 360 ft
Batting: RHB Luis Villa 0-0: Called Strike
0-1: Fly out, F8 (Flyball, 8RD, EV 81.3 MPH)
Top of the 1st over - 4 runs, 4 hits, 0 errors, 0 left on base; Lincoln 4 - Sioux Falls 0
BOTTOM OF THE 1ST
Sioux Falls Canaries batting - Pitching for Lincoln Saltdogs : RHP Chris McGaffey
Pitching: RHP Chris McGaffey
Batting: LHB Victor Minas 0-0: Foul Ball, location: 2F
0-1: Called Strike
0-2: Ball
1-2: Ball
2-2: Foul Ball, location: 5DF
2-2: Foul Ball, location: 2F
2-2: Foul Ball, location: 3SF
2-2: Strikes out swinging
Batting: RHB Tyler Patty 0-0: Ball
1-0: Ball
2-0: Called Strike
2-1: Ball
3-1: SOLO HOME RUN (Flyball, 7LD, EV 94.4 MPH), Distance : 346 ft
Batting: LHB Joe Mangnall 0-0: Foul Ball, location: 2F
0-1: Foul Ball, location: 25FF
0-2: Strikes out looking
Batting: RHB Danny Ayala 0-0: Ground out 6-3 (Groundball, 6, EV 86.3 MPH)
Bottom of the 1st over - 1 run, 1 hit, 0 errors, 0 left on base; Lincoln 4 - Sioux Falls 1
TOP OF THE 2ND
Lincoln Saltdogs batting - Pitching for Sioux Falls Canaries : RHP Matt Bryson
Batting: RHB Jordan Ruiz 0-0: Swinging Strike
0-1: Ball
1-1: Ground out 1-3 (Groundball, 34S, EV 74.4 MPH)
Batting: RHB Willie Balderas 0-0: Ground out 5-3 (Groundball, 5S, EV 80.0 MPH)
Batting: RHB Ernesto Cruz 0-0: Ground out 4-3 (Groundball, 4, EV 85.0 MPH)
Top of the 2nd over - 0 runs, 0 hits, 0 errors, 0 left on base; Lincoln 4 - Sioux Falls 1
BOTTOM OF THE 2ND
Sioux Falls Canaries batting - Pitching for Lincoln Saltdogs : RHP Chris McGaffey
Batting: LHB Matt Seagroves 0-0: Ball
1-0: Ball
2-0: DOUBLE (Line Drive, 89M, EV 98.1 MPH)
Batting: RHB Chad Braswell 0-0: Called Strike
0-1: Ball
1-1: SINGLE (Groundball, 6M, EV 88.1 MPH)
Matt Seagroves to third
Batting: LHB Kevin Barton 0-0: Ball
1-0: Called Strike
1-1: Ball
2-1: Foul Ball, location: 7LSF
2-2: Foul Ball, location: 25FF
2-2: Strikes out looking
Batting: RHB Brian Seaburn 0-0: Ball
1-0: Ball
2-0: Ball
3-0: Base on Balls
Chad Braswell to second
Batting: RHB Roberto Casamonica 0-0: Ball
1-0: Called Strike
1-1: Swinging Strike
1-2: Ball
2-2: Ball
3-2: Foul Ball, location: 9LMF
3-2: Strikes out looking
Batting: LHB Victor Minas 0-0: Called Strike
0-1: Called Strike
0-2: Ground out 4-3 (Groundball, 4, EV 89.4 MPH)
Bottom of the 2nd over - 0 runs, 2 hits, 0 errors, 3 left on base; Lincoln 4 - Sioux Falls 1
TOP OF THE 3RD
Lincoln Saltdogs batting - Pitching for Sioux Falls Canaries : RHP Matt Bryson
Batting: RHB Mike Lincoln 0-0: Foul Ball, location: 9LMF
0-1: Ball
1-1: Foul Ball, location: 5F
1-2: Foul Ball, location: 2F
1-2: Foul Ball, location: 3SF
1-2: SINGLE (Groundball, P, EV 86.9 MPH) (infield hit)
Batting: LHB Gustavo Gomez 0-0: Ball
1-0: Foul Ball, location: 2F
1-1: Grounds into double play, 6-4-3 (Groundball, 6D, EV 94.4 MPH)
Batting: LHB Steve Herron 0-0: Called Strike
0-1: Foul Ball, location: 7LDF
0-2: Strikes out swinging
Top of the 3rd over - 0 runs, 1 hit, 0 errors, 0 left on base; Lincoln 4 - Sioux Falls 1
BOTTOM OF THE 3RD
Sioux Falls Canaries batting - Pitching for Lincoln Saltdogs : RHP Chris McGaffey
Batting: RHB Tyler Patty 0-0: Foul Ball, location: 2F
0-1: Ball
1-1: Ball
2-1: Ball
3-1: Base on Balls
Batting: LHB Joe Mangnall 0-0: Ball
1-0: Swinging Strike
1-1: Ball
2-1: Swinging Strike
2-2: Strikes out looking
Batting: RHB Danny Ayala 0-0: Called Strike
0-1: 2-RUN HOME RUN (Flyball, 7D, EV 93.1 MPH), Distance : 355 ft
Batting: LHB Matt Seagroves 0-0: Ball
1-0: Ball
2-0: Ball
3-0: Base on Balls
Batting: RHB Chad Braswell 0-0: Called Strike
Matt Seagroves is caught stealing 2nd base 2-4
0-1: Foul Ball, location: 2F
0-2: Ball
1-2: Ball
2-2: Ground out 4-3 (Groundball, 4, EV 80.0 MPH)
Bottom of the 3rd over - 2 runs, 1 hit, 0 errors, 0 left on base; Lincoln 4 - Sioux Falls 3
TOP OF THE 4TH
Lincoln Saltdogs batting - Pitching for Sioux Falls Canaries : RHP Matt Bryson
Batting: RHB Jim Rera 0-0: Ball
1-0: Foul Ball, location: 9LMF
1-1: Swinging Strike
1-2: SOLO HOME RUN (Flyball, 89XD, EV 95.6 MPH), Distance : 374 ft
Batting: LHB John Reinertsen 0-0: Ball
1-0: Ball
2-0: Ball
3-0: Called Strike
3-1: Base on Balls
Batting: RHB Luis Villa 0-0: Called Strike
0-1: Ball
1-1: Foul Ball, location: 5F
1-2: Ball
2-2: Ball
3-2: Foul Ball, location: 25F
3-2: Fly out, F9 (Flyball, 9, EV 96.9 MPH)
Batting: RHB Jordan Ruiz 0-0: Reached on error, E6 (Groundball, 6, EV 83.8 MPH)
John Reinertsen to second
Batting: RHB Willie Balderas 0-0: Called Strike
0-1: Foul Ball, location: 2F
0-2: Foul Ball, location: 7LSFF
0-2: Ball
1-2: Strikes out swinging
Batting: RHB Ernesto Cruz 0-0: Ball
1-0: DOUBLE (Line Drive, 7LS, EV 100.6 MPH)
John Reinertsen scores
Jordan Ruiz to third
Runner from 3rd tries for Home, SAFE, no throw by LF
Pitching: LHP Jamie Strauss
Batting: RHB Mike Lincoln 0-0: Swinging Strike
0-1: Ball
1-1: Called Strike
1-2: Ball
2-2: Ground out 4-3 (Groundball, 4, EV 83.8 MPH)
Top of the 4th over - 3 runs, 2 hits, 1 error, 1 left on base; Lincoln 7 - Sioux Falls 3
BOTTOM OF THE 4TH
Sioux Falls Canaries batting - Pitching for Lincoln Saltdogs : RHP Chris McGaffey
Batting: LHB Kevin Barton 0-0: Ball
1-0: Foul Ball, location: 3F
1-1: Ball
2-1: Foul Ball, location: 7LSF
2-2: Ground out 3-1 (Groundball, 34, EV 65.0 MPH)
Batting: RHB Brian Seaburn 0-0: Called Strike
0-1: Foul Ball, location: 9LDF
0-2: Ball
1-2: Fly out, F8 (Line Drive, 78M, EV 93.1 MPH)
Batting: RHB Roberto Casamonica 0-0: Ball
1-0: Ball
2-0: Ball
3-0: Called Strike
3-1: Base on Balls
Batting: LHB Victor Minas 0-0: Swinging Strike
0-1: Called Strike
0-2: Strikes out swinging
Bottom of the 4th over - 0 runs, 0 hits, 0 errors, 1 left on base; Lincoln 7 - Sioux Falls 3
TOP OF THE 5TH
Lincoln Saltdogs batting - Pitching for Sioux Falls Canaries : LHP Jamie Strauss
Batting: LHB Gustavo Gomez 0-0: Foul Ball, location: 7LDF
0-1: Ball
1-1: Swinging Strike
1-2: Foul Ball, location: 25F
1-2: Ball
2-2: Strikes out swinging
Batting: LHB Steve Herron 0-0: Swinging Strike
0-1: Called Strike
0-2: Strikes out swinging
Batting: RHB Jim Rera 0-0: Called Strike
0-1: Called Strike
0-2: Foul Ball, location: 5F
0-2: Strikes out swinging
Top of the 5th over - 0 runs, 0 hits, 0 errors, 0 left on base; Lincoln 7 - Sioux Falls 3
BOTTOM OF THE 5TH
Sioux Falls Canaries batting - Pitching for Lincoln Saltdogs : RHP Chris McGaffey
Batting: RHB Tyler Patty 0-0: Ball
1-0: Ball
2-0: Ball
3-0: Base on Balls
Batting: LHB Joe Mangnall 0-0: Ball
1-0: Ball
2-0: Ball
3-0: Base on Balls
Tyler Patty to second
Batting: RHB Danny Ayala 0-0: SINGLE (Line Drive, 7LS, EV 88.1 MPH)
Tyler Patty to third
Joe Mangnall to second
Batting: LHB Matt Seagroves 0-0: Called Strike
0-1: Grounds into fielders choice 4-2 (Groundball, 4, EV 101.9 MPH)
Joe Mangnall to third
Danny Ayala to second
Batting: RHB Chad Braswell 0-0: Called Strike
0-1: Fly out, F8 (Flyball, 8RM, EV 87.5 MPH)
Runner from 3rd tags up, SCORES, throw by CF
Batting: LHB Kevin Barton 0-0: Foul Ball, location: 7LMF
0-1: Swinging Strike
0-2: Ball
1-2: Strikes out swinging
Bottom of the 5th over - 1 run, 1 hit, 0 errors, 2 left on base; Lincoln 7 - Sioux Falls 4
TOP OF THE 6TH
Lincoln Saltdogs batting - Pitching for Sioux Falls Canaries : LHP Jamie Strauss
Batting: LHB John Reinertsen 0-0: Foul Ball, location: 5F
0-1: Called Strike
0-2: Foul Ball, location: 7LMF
0-2: Ball
1-2: Foul Ball, location: 7LSF
1-2: DOUBLE (Line Drive, 89D, EV 108.1 MPH)
Batting: RHB Luis Villa 0-0: Swinging Strike
0-1: Ball
1-1: Called Strike
1-2: Ball
2-2: Strikes out swinging
Batting: RHB Jordan Ruiz 0-0: Ball
1-0: Foul Ball, location: 9LMF
1-1: Foul Ball, location: 9LDF
1-2: Foul Ball, location: 2F
1-2: Ball
2-2: Foul Ball, location: 2F
2-2: Foul Ball, location: 3SF
2-2: Foul Ball, location: 3F
2-2: Ball
3-2: Ground out 6-3 (Groundball, 6, EV 97.5 MPH)
Batting: RHB Willie Balderas 0-0: Called Strike
0-1: Called Strike
0-2: Strikes out swinging, 2-3 out at first.
Top of the 6th over - 0 runs, 1 hit, 0 errors, 1 left on base; Lincoln 7 - Sioux Falls 4
BOTTOM OF THE 6TH
Sioux Falls Canaries batting - Pitching for Lincoln Saltdogs : RHP Chris McGaffey
Pitching: RHP Brent Crawford
Batting: RHB Brian Seaburn 0-0: Called Strike
0-1: DOUBLE (Line Drive, 7LM, EV 107.5 MPH)
Batting: RHB Roberto Casamonica 0-0: Ground out 4-3 (Groundball, 4, EV 105.6 MPH)
Brian Seaburn to third
Batting: LHB Victor Minas 0-0: Ball
1-0: Ball
2-0: Called Strike
2-1: Ground out 1-3 (Groundball, 15S, EV 70.6 MPH)
Batting: RHB Tyler Patty 0-0: Ball
1-0: Called Strike
1-1: SINGLE (Line Drive, 8RS, EV 103.8 MPH)
Brian Seaburn scores
Batting: LHB Joe Mangnall 0-0: Ground out 4-3 (Groundball, 4, EV 102.5 MPH)
Bottom of the 6th over - 1 run, 2 hits, 0 errors, 1 left on base; Lincoln 7 - Sioux Falls 5
TOP OF THE 7TH
Lincoln Saltdogs batting - Pitching for Sioux Falls Canaries : LHP Jamie Strauss
Pitching: RHP Angelo Velasquez
Batting: RHB Ernesto Cruz 0-0: SINGLE (Groundball, 34D, EV 94.4 MPH)
Batting: RHB Mike Lincoln 0-0: Foul Ball, location: 5F
0-1: Ball
1-1: Called Strike
1-2: Ball
2-2: Foul Ball, location: 5F
2-2: Foul Ball, location: 3FF
2-2: Foul Ball, location: 3F
2-2: Ball
3-2: Foul Ball, location: 23FF
3-2: Reached on error, E3 (Groundball, 3, EV 84.4 MPH)
Ernesto Cruz to second
Batting: LHB Gustavo Gomez 0-0: Called Strike
0-1: Ball
1-1: Foul Ball, location: 2F
1-2: Ball
2-2: Foul Ball, location: 25FF
2-2: Foul Ball, location: 9LSF
2-2: Strikes out swinging
Batting: LHB Steve Herron 0-0: Ball
1-0: Foul Ball, location: 9LSF
1-1: Ball
2-1: Ball
3-1: Foul Ball, location: 7LDF
3-2: Fielders Choice at 2nd, 1-4 (Groundball, 15S, EV 66.9 MPH)
Ernesto Cruz to third
Batting: RHB Jim Rera 0-0: Ball
1-0: Foul Ball, location: 7LMF
1-1: Swinging Strike
1-2: Strikes out looking
Top of the 7th over - 0 runs, 1 hit, 1 error, 2 left on base; Lincoln 7 - Sioux Falls 5
BOTTOM OF THE 7TH
Sioux Falls Canaries batting - Pitching for Lincoln Saltdogs : RHP Brent Crawford
Batting: RHB Danny Ayala 0-0: SINGLE (Groundball, 56D, EV 100.6 MPH)
Batting: LHB Matt Seagroves 0-0: Called Strike
Danny Ayala steals 2nd base
0-1: Ball
1-1: Foul Ball, location: 9LSFF
1-2: Strikes out swinging
Batting: RHB Chad Braswell 0-0: Called Strike
0-1: Swinging Strike
0-2: Foul Ball, location: 3FF
0-2: Foul Ball, location: 2RF
0-2: Strikes out swinging
Pitching: LHP Josh Boomershine
Pinch Hitting: RHB Perry Cary 0-0: Called Strike
0-1: Reached on error, E4 (Groundball, 4, EV 80.6 MPH)
Danny Ayala scores
Batting: RHB Brian Seaburn 0-0: Ball
1-0: Called Strike
1-1: Called Strike
1-2: Ball
2-2: Foul Ball, location: 9LDF
2-2: Strikes out swinging
Bottom of the 7th over - 1 run, 1 hit, 1 error, 1 left on base; Lincoln 7 - Sioux Falls 6
TOP OF THE 8TH
Lincoln Saltdogs batting - Pitching for Sioux Falls Canaries : RHP Angelo Velasquez
Pitching: RHP Rich Bevens
Now in RF: Dave Aguilar
Batting: LHB John Reinertsen 0-0: Called Strike
0-1: Foul Ball, location: 2F
0-2: Foul Ball, location: 7LMF
0-2: Ball
1-2: Ball
2-2: Foul Ball, location: 25FF
2-2: Ball
3-2: Foul Ball, location: 5DF
3-2: Ground out U3 (Groundball, 3, EV 108.8 MPH)
Batting: RHB Luis Villa 0-0: Called Strike
0-1: Ball
1-1: Called Strike
1-2: Ball
2-2: Ball
3-2: Foul Ball, location: 2F
3-2: Base on Balls
Batting: RHB Jordan Ruiz 0-0: Foul Ball, location: 9LMF
0-1: Called Strike
0-2: Fly out, F7 (Flyball, 7S, EV 77.5 MPH)
Batting: RHB Willie Balderas 0-0: Fly out, F8 (Flyball, 8LM, EV 90.6 MPH)
Top of the 8th over - 0 runs, 0 hits, 0 errors, 1 left on base; Lincoln 7 - Sioux Falls 6
BOTTOM OF THE 8TH
Sioux Falls Canaries batting - Pitching for Lincoln Saltdogs : LHP Josh Boomershine
Batting: RHB Roberto Casamonica 0-0: Called Strike
0-1: Ball
1-1: Ball
2-1: Ball
3-1: Base on Balls
Batting: LHB Victor Minas 0-0: Called Strike
0-1: Ball
1-1: Foul Ball, location: 2LF
1-2: DOUBLE (Line Drive, 9LM, EV 101.3 MPH)
Roberto Casamonica to third
Batting: RHB Tyler Patty 0-0: Swinging Strike
0-1: Fly out, F2 (Popup, 2R, EV 92.5 MPH)
Batting: LHB Joe Mangnall 0-0: Ground out 2-3 (Groundball, 2L, EV 73.1 MPH)
Batting: RHB Danny Ayala 0-0: Ball
Wild Pitch!
Roberto Casamonica scores
Victor Minas to third
1-0: Fly out, F9 (Flyball, 9LS, EV 88.1 MPH)
Bottom of the 8th over - 1 run, 1 hit, 0 errors, 1 left on base; Lincoln 7 - Sioux Falls 7
TOP OF THE 9TH
Lincoln Saltdogs batting - Pitching for Sioux Falls Canaries : RHP Rich Bevens
Pitching: RHP Brad Rigsby
Batting: RHB Ernesto Cruz 0-0: Called Strike
0-1: Called Strike
0-2: Foul Ball, location: 25F
0-2: Strikes out swinging
Batting: RHB Mike Lincoln 0-0: Ball
1-0: Called Strike
1-1: Foul Ball, location: 2F
1-2: Ball
2-2: Ball
3-2: Strikes out swinging
Batting: LHB Gustavo Gomez 0-0: Called Strike
0-1: Swinging Strike
0-2: Ball
1-2: Strikes out swinging
Top of the 9th over - 0 runs, 0 hits, 0 errors, 0 left on base; Lincoln 7 - Sioux Falls 7
BOTTOM OF THE 9TH
Sioux Falls Canaries batting - Pitching for Lincoln Saltdogs : LHP Josh Boomershine
Batting: LHB Matt Seagroves 0-0: Ball
1-0: Called Strike
1-1: Foul Ball, location: 2F
1-2: Strikes out swinging
Batting: RHB Chad Braswell 0-0: Called Strike
0-1: Ball
1-1: Called Strike
1-2: Fly out, F8 (Flyball, 89S, EV 90.0 MPH)
Batting: LHB Dave Aguilar 0-0: Ball
1-0: Ground out 4-3 (Groundball, 4, EV 105.0 MPH)
Bottom of the 9th over - 0 runs, 0 hits, 0 errors, 0 left on base; Lincoln 7 - Sioux Falls 7
TOP OF THE 10TH
Lincoln Saltdogs batting - Pitching for Sioux Falls Canaries : RHP Brad Rigsby
Batting: LHB Steve Herron 0-0: Foul Ball, location: 2F
0-1: Reached on error, E4 (Groundball, 4, EV 93.8 MPH)
Batting: RHB Jim Rera 0-0: Ball
1-0: Called Strike
1-1: Foul Ball, location: 25FF
1-2: Strikes out swinging
Batting: LHB John Reinertsen 0-0: Called Strike
0-1: Ball
1-1: Swinging Strike
1-2: Ball
2-2: Ball
3-2: Strikes out swinging
Batting: RHB Luis Villa 0-0: Swinging Strike
0-1: Ball
1-1: Foul Ball, location: 5FF
1-2: Foul Ball, location: 7LSF
1-2: Foul Ball, location: 9LMF
1-2: Fly out, F8 (Line Drive, 8RD, EV 91.9 MPH)
Top of the 10th over - 0 runs, 0 hits, 1 error, 1 left on base; Lincoln 7 - Sioux Falls 7
BOTTOM OF THE 10TH
Sioux Falls Canaries batting - Pitching for Lincoln Saltdogs : LHP Josh Boomershine
Pitching: LHP Ed Castillo
Batting: RHB Brian Seaburn 0-0: Called Strike
0-1: Called Strike
0-2: Ball
1-2: Strikes out looking
Batting: RHB Roberto Casamonica 0-0: Foul Ball, location: 23F
0-1: Ball
1-1: Foul Ball, location: 5F
1-2: Foul Ball, location: 23FF
1-2: Foul Ball, location: 2F
1-2: Ball
2-2: Fly out, F9 (Flyball, 9S, EV 85.0 MPH)
Batting: LHB Victor Minas 0-0: Fly out, F2 (Popup, 2LF, EV 94.4 MPH)
Bottom of the 10th over - 0 runs, 0 hits, 0 errors, 0 left on base; Lincoln 7 - Sioux Falls 7
TOP OF THE 11TH
Lincoln Saltdogs batting - Pitching for Sioux Falls Canaries : RHP Brad Rigsby
Pinch Hitting: RHB Logan Hoover 0-0: Ball
1-0: Foul Ball, location: 5DF
1-1: Ball
2-1: Ball
3-1: Fly out, F8 (Flyball, 8LM, EV 95.6 MPH)
Pinch Hitting: RHB Edward Echeverria 0-0: Called Strike
0-1: Foul Ball, location: 2F
0-2: Ball
1-2: Ball
2-2: Ball
3-2: Base on Balls
Batting: RHB Ernesto Cruz 0-0: Fielders Choice at 2nd, 6-4 (Groundball, 6, EV 83.8 MPH)
Batting: RHB Mike Lincoln 0-0: Ball
1-0: Ball
2-0: Ball
3-0: Base on Balls
Ernesto Cruz to second
Batting: LHB Gustavo Gomez 0-0: Swinging Strike
0-1: Ball
1-1: 3-RUN HOME RUN (Line Drive, 9D, EV 98.8 MPH), Distance : 369 ft
Batting: LHB Steve Herron 0-0: Called Strike
0-1: Ball
1-1: Ball
2-1: Ball
3-1: Base on Balls
Pitching: RHP Kevin Lee
Batting: RHB Jim Rera 0-0: Swinging Strike
0-1: Ball
1-1: Swinging Strike
1-2: Ball
2-2: Strikes out looking
Top of the 11th over - 3 runs, 1 hit, 0 errors, 1 left on base; Lincoln 10 - Sioux Falls 7
BOTTOM OF THE 11TH
Sioux Falls Canaries batting - Pitching for Lincoln Saltdogs : LHP Ed Castillo
Now at C: John Englehardt
Now in LF: Logan Hoover
Now in CF: Mike Lincoln
Batting: RHB Tyler Patty 0-0: Swinging Strike
0-1: Ball
1-1: Ball
2-1: Ball
3-1: Ground out 4-3 (Groundball, 34D, EV 104.4 MPH)
Batting: LHB Joe Mangnall 0-0: Ball
1-0: Ground out 2-3 (Groundball, 15S, EV 70.6 MPH)
Batting: RHB Danny Ayala 0-0: Ball
1-0: Ball
2-0: DOUBLE (Line Drive, 5D, EV 101.3 MPH)
Batting: LHB Matt Seagroves 0-0: Called Strike
0-1: Called Strike
0-2: Foul Ball, location: 2F
0-2: Fly out, F9 (Flyball, 9S, EV 91.3 MPH)
Bottom of the 11th over - 0 runs, 1 hit, 0 errors, 1 left on base; Lincoln 10 - Sioux Falls 7
Sunday, April 7th , 2024 - OOTP Baseball 24.11 Build 85